 Dungeon Crawl Stone Soup version 0.29-a0-1009-g60c99734e7 (webtiles) character file.

Game seed: 4361971328357553478

9653 testman the Grappler (level 11, -2/111 HPs)
             Began as a Troll Fighter on Aug 8, 2022.
             Was an Elder of Makhleb.
             Slain by a death drake (shapeshifter) (5 damage)
             ... in a Gauntlet.
             The game lasted 00:34:25 (7985 turns).

testman the Grappler (Troll Fighter)                Turns: 7985, Time: 00:34:26

Health: -2/111     AC:  9    Str: 35    XL:     11   Next: 25%
Magic:  0/15       EV:  8    Int:  4    God:    Makhleb [****..]
Gold:   424        SH:  9    Dex:  6    Spells: 10/10 levels left

rFire   + . .      SeeInvis .     - Unarmed
rCold   . . .      Faith    .   b - +0 kite shield
rNeg    . . .      Spirit   +   A - +2 robe {rF+}
rPois   +          Reflect  .   F - +1 hat
rElec   .          Harm     .   k - +1 cloak "Reucosou" {rPois Str+5 Dex-3}
rCorr   .          Rampage  .   (gloves unavailable)
Will    .....      NoTele   +   (boots unavailable)
Stlth   +.........              D - amulet of guardian spirit
HPRegen 1.08/turn               (no ring)
MPRegen 0.14/turn               (no ring)

@: slowed, very slow
A: large, unfitting armour, claws 3, regeneration 1, shaggy fur 1, tough skin 1
a: Renounce Religion, Minor Destruction, Lesser Servant of Makhleb, Major
Destruction


You were in a Gauntlet.
You worshipped Makhleb.
Makhleb was greatly pleased with you.
You visited 1 branch of the dungeon, and saw 11 of its levels.
You also visited: Gauntlet.

You collected 564 gold pieces.
You spent 140 gold pieces at shops.

Inventory:

Missiles
 s - 13 poisoned darts
 G - 5 large rocks
Armour
 b - a +0 kite shield (worn)
 f - a scarf of shadows
 k - the +1 cloak "Reucosou" (worn) {rPois Str+5 Dex-3}
   (You found it on level 2 of the Dungeon)

   Str:       It affects your strength (+5).
   Dex:       It affects your dexterity (-3).
   rPois:     It protects you from poison.
 A - a +2 robe of fire resistance (worn)
 F - a +1 hat (worn)
Jewellery
 a - an amulet of regeneration
 D - an amulet of guardian spirit (around neck)
Wands
 m - a wand of flame (18)
 C - a wand of paralysis (13)
 H - a wand of roots (10)
Scrolls
 d - 2 scrolls of amnesia
 h - 3 scrolls of blinking
 l - 2 scrolls of noise {unknown}
 o - 3 scrolls of teleportation
 t - a scroll of butterflies {unknown}
 v - 2 scrolls of enchant weapon
 x - a scroll of immolation {unknown}
 y - a scroll of summoning {unknown}
 I - a scroll of fear {unknown}
Potions
 c - a potion of might
 j - a potion of heal wounds
 n - 5 potions of flight
 p - 2 potions of attraction
 r - 2 potions of haste
 u - 2 potions of ambrosia
 w - 3 potions of lignification
 z - a potion of brilliance {unknown}
 B - 2 potions of berserk rage {unknown}


   Skills:
 + Level 8.0 Fighting
 - Level 2.4 Dodging
 + Level 8.8 Shields
 + Level 9.3 Unarmed Combat
 + Level 7.7 Invocations


You had 10 spell levels left.
You didn't know any spells.
Your spell library contained the following spells:

 Spells                   Type           Power      Damage    Failure   Level
 Ensorcelled Hibernation  Hex/Ice        0%         N/A       86%         2
 Passwall                 Tmut/Erth      0%         N/A       86%         2
 Static Discharge         Conj/Air       0%         3-3/arc   86%         2
 Swiftness                Air            0%         N/A       97%         3
 Dispel Undead            Necr           0%         3d6       100%        4
 Sticky Flame             Conj/Fire      0%         2d3       100%        4


Dungeon Overview and Level Annotations

Branches:
Dungeon (11/15)            Temple (0/1) D:5            Lair (0/5) D:9
    Orc (0/2) D:10        Gauntlet (1/1)

Altars:
Makhleb
Nemelex Xobeh
Qazlal
Zin

Shops:
D:10 **   D:11 *

Annotations:
D:9 1 runed translucent door, Zonian's ghost, novice DsIE Gauntlet 21 runed translucent doors, 15 transporters, exclusion: 2 lightning spires


Innate Abilities, Weirdness & Mutations

You are too large for most types of armour.
You have claws for hands.
Your natural rate of healing is unusually fast.
You are covered in fur. (AC +1)
You have tough skin. (AC +1)


Message History

You feel as though you will be slow longer.
* * * LOW HITPOINT WARNING * * *
You feel very sick. The death drake bites you.
* * * LOW HITPOINT WARNING * * *
You closely miss the death drake.
The death drake is almost dead.
You are engulfed in dark miasma.
You feel as though you will be slow longer.
* * * LOW HITPOINT WARNING * * *
You feel very sick. The death drake bites you.
* * * LOW HITPOINT WARNING * * *
You block the death drake's attack.
You feel much better.
You feel very sick. The death drake breathes miasma at you.
The foul vapour engulfs you!
You feel as though you will be slow longer.
* * * LOW HITPOINT WARNING * * *
The death drake breathes miasma at you. The foul vapour engulfs you!
You are more poisoned.
* * * LOW HITPOINT WARNING * * *
Okay, then.
Okay, then.
You feel much better.
You are engulfed in dark miasma.
You are lethally poisoned!
* * * LOW HITPOINT WARNING * * *
x2 You feel extremely sick.
You block the death drake's attack.
The death drake bites you but does no damage.
Okay, then.
Okay, then.
Okay, then.
You feel better.
You are engulfed in dark miasma.
You feel as though you will be slow longer.
* * * LOW HITPOINT WARNING * * *
The death drake bites you.
You die...

.....#######.#######....§8≈....##
###........#.#...........§§......
#8#........#.###########§.§######
#########..#.#.........#§§.#..+..
#8#..#.#.#.#.#.#.#...#..+..
###..#.#).#.#.#..#...#++#++
#..#.#"#.#.#.#.#...#..+..
###..#©#©.#k©.#..#©.©#©.#..
#8#..###.#@#.#.#.#...#..+..
###....#..#.#.#..#...#++#++
#....#.#.#.#.#.#.∩.#..+..
###..#.........#...#..+..
#8#..###########...######
###§§..........§.........
#§§...........≈∩≈......
####################### #8# #8#
#8# #8# #8#


You could see a death drake shaped shifter (catching breath).

Vanquished Creatures
  A two-headed ogre (D:7)
  Pikel (D:6)
  Maurice (D:10)
  An elephant (D:9)
  The ghost of jlumianski the Chopper, a novice DsGl (D:5)
  2 kobold demonologists (D:10)
  2 trolls (D:9)
  A merfolk (shapeshifter) (Gauntlet)
  2 hornets
  Grinder (D:4)
  2 vampires (D:10)
  Sigmund (D:6)
  2 shadows (D:10)
  A wraith (D:10)
  A wyvern (D:4)
  6 yaks
  Menkaure (D:4)
  2 water moccasins (D:7)
  2 black bears (D:9)
  A sky beast (D:8)
  2 orc warriors
  4 centaurs
  2 phantoms (D:5)
  A kobold brigand (D:10)
  A necrophage (D:6)
  7 bullfrogs
  A gnoll sergeant (D:6)
  5 wights (D:8)
  12 killer bees
  2 howler monkeys
  6 hounds
  5 orc priests
  Crazy Yiuf (D:5)
  A jelly (D:6)
  3 gnoll boudas
  3 iguanas
  Terence (D:3)
  Natasha (D:2)
  9 orc wizards
  Robin (D:3)
  26 gnolls
  6 adders
  3 shadow imps
  A white imp (D:6)
  A worm (D:2)
  2 dart slugs
  20 orcs
  8 ball pythons
  A bat (D:2)
  8 endoplasms
  3 giant cockroaches
  15 goblins
  9 hobgoblins
  4 quokkas
  4 frilled lizards
  12 kobolds
  3 rats
226 creatures vanquished.

Vanquished Creatures (others)
  4 fungi (D:9)
  4 plants (D:9)
  15 withered plants
23 creatures vanquished.

Grand Total: 249 creatures vanquished

Notes
Turn   | Place    | Note
-------+----------+-------------------------------------------
     0 | D:1      | testman the Troll Fighter began the quest for the Orb.
     0 | D:1      | Reached XP level 1. HP: 22/22 MP: 0/0
   235 | D:1      | Reached XP level 2. HP: 29/29 MP: 1/1
   427 | D:1      | Found a faded altar of an unknown god.
   907 | D:2      | Reached XP level 3. HP: 36/36 MP: 2/2
   947 | D:2      | Noticed Natasha
   951 | D:2      | Killed Natasha
  1067 | D:2      | Identified the +1 cloak "Reucosou" {rPois Str+5 Dex-3}
  1245 | D:2      | Reached XP level 4. HP: 37/45 MP: 3/3
  1291 | D:3      | Reached skill level 3 in Unarmed Combat
  1301 | D:3      | Noticed Robin
  1312 | D:3      | Killed Robin
  1452 | D:3      | Reached XP level 5. HP: 53/53 MP: 4/4
  1496 | D:3      | Found a burning altar of Makhleb.
  1500 | D:3      | Became a worshipper of Makhleb the Destroyer
  1559 | D:3      | Noticed Terence
  1570 | D:3      | Killed Terence
  1847 | D:4      | Noticed Grinder
  1857 | D:4      | Paralysed by Grinder for 2 turns
  1865 | D:4      | Killed Grinder
  1866 | D:4      | Reached skill level 4 in Unarmed Combat
  1866 | D:4      | Reached skill level 1 in Invocations
  1866 | D:4      | Reached XP level 6. HP: 12/62 MP: 4/6
  2086 | D:4      | Noticed Menkaure
  2091 | D:4      | Killed Menkaure
  2092 | D:4      | Reached XP level 7. HP: 31/70 MP: 7/7
  2158 | D:4      | Noticed a wyvern
  2180 | D:4      | HP: 2/70 [wyvern (10)]
  2181 | D:4      | Killed a wyvern
  2763 | D:5      | Entered Level 5 of the Dungeon
  2771 | D:5      | Reached * piety under Makhleb
  2782 | D:5      | Reached skill level 5 in Shields
  2782 | D:5      | Reached skill level 5 in Unarmed Combat
  2841 | D:5      | Found a staircase to the Ecumenical Temple.
  2881 | D:5      | Found a runed translucent door.
  2881 | D:5      | Noticed jlumianski's ghost (novice DsGl)
  2990 | D:5      | Reached XP level 8. HP: 79/79 MP: 9/9
  3263 | D:5      | Found a runed translucent door.
  3264 | D:5      | Noticed Crazy Yiuf
  3271 | D:5      | Killed Crazy Yiuf
  3348 | D:6      | Noticed Sigmund
  3359 | D:6      | Killed Sigmund
  3360 | D:6      | Reached skill level 5 in Fighting
  3428 | D:6      | Noticed a hornet
  3440 | D:6      | Killed a hornet
  3480 | D:6      | Reached skill level 6 in Unarmed Combat
  3578 | D:5      | Killed jlumianski's ghost
  3579 | D:5      | Reached XP level 9. HP: 85/88 MP: 11/11
  3807 | D:6      | Reached skill level 5 in Invocations
  3829 | D:6      | Reached skill level 7 in Unarmed Combat
  3830 | D:6      | Reached ** piety under Makhleb
  3954 | D:6      | Noticed Pikel
  3961 | D:6      | Killed Pikel
  4017 | D:6      | Found a stormy altar of Qazlal.
  4132 | D:7      | Noticed a two-headed ogre
  4140 | D:7      | Killed a two-headed ogre
  4141 | D:7      | Reached XP level 10. HP: 24/100 MP: 13/13
  4473 | D:7      | Found a glowing silver altar of Zin.
  4848 | D:7      | Paralysed by a hornet for 2 turns
  4852 | D:7      | Reached skill level 8 in Unarmed Combat
  5572 | D:8      | Found a sparkling altar of Nemelex Xobeh.
  5622 | D:8      | Reached *** piety under Makhleb
  5963 | D:9      | Noticed Zonian's ghost (novice DsIE)
  5964 | D:9      | Found a runed translucent door.
  5965 | D:9      | Identified the +7 spear "Vawops" {vorpal, Str+2 SInv}
  5975 | D:9      | Found a staircase to the Lair.
  5975 | D:9      | Noticed an elephant
  5992 | D:9      | Killed an elephant
  6175 | D:9      | Reached XP level 11. HP: 110/110 MP: 15/15
  6508 | D:10     | Entered Level 10 of the Dungeon
  6609 | D:10     | HP: 4/110 [something (7)]
  6611 | D:10     | Reached skill level 9 in Unarmed Combat
  6848 | D:10     | Reached **** piety under Makhleb
  7074 | D:10     | Found Wuamuasi's General Store.
  7077 | D:10     | Found Taicw's Specific Store.
  7091 | D:10     | Bought a scroll of teleportation for 42 gold pieces
  7091 | D:10     | Bought a potion of heal wounds for 70 gold pieces
  7091 | D:10     | Bought a scroll of identify for 28 gold pieces
  7203 | D:10     | Found a staircase to the Orcish Mines.
  7251 | D:10     | Noticed Maurice
  7276 | D:10     | Killed Maurice
  7560 | D:11     | Found Suimael's General Store.
  7575 | D:11     | Found a gate leading to a gauntlet.
  7585 | Gauntlet | Entered a Gauntlet
  7585 | Gauntlet | Found a large runed translucent door.
  7585 | Gauntlet | Found a large runed translucent door.
  7585 | Gauntlet | Found a large runed translucent door.
  7585 | Gauntlet | Found a large runed translucent door.
  7585 | Gauntlet | Found a large runed translucent door.
  7585 | Gauntlet | Found a large runed translucent door.
  7585 | Gauntlet | Found a runed translucent door.
  7585 | Gauntlet | Found a transporter.
  7585 | Gauntlet | Found a transporter.
  7585 | Gauntlet | Found a runed translucent door.
  7585 | Gauntlet | Found a large runed translucent door.
  7585 | Gauntlet | Found a large runed translucent door.
  7585 | Gauntlet | Found a large runed translucent door.
  7585 | Gauntlet | Found a large runed translucent door.
  7585 | Gauntlet | Found a large runed translucent door.
  7585 | Gauntlet | Found a large runed translucent door.
  7589 | Gauntlet | Found a transporter.
  7589 | Gauntlet | Found a transporter.
  7590 | Gauntlet | Found a large runed translucent door.
  7590 | Gauntlet | Found a large runed translucent door.
  7590 | Gauntlet | Found a large runed translucent door.
  7590 | Gauntlet | Found a large runed translucent door.
  7594 | Gauntlet | Found a runed translucent gate.
  7594 | Gauntlet | Found a runed translucent gate.
  7594 | Gauntlet | Found a runed translucent gate.
  7605 | Gauntlet | Found a transporter.
  7606 | Gauntlet | Found a transporter.
  7609 | Gauntlet | Found a transporter.
  7627 | Gauntlet | Noticed a ghost crab
  7633 | Gauntlet | Found a transporter.
  7640 | Gauntlet | Found a transporter.
  7652 | Gauntlet | Found a transporter.
  7670 | Gauntlet | Found a transporter.
  7674 | Gauntlet | Noticed a death scarab
  7692 | Gauntlet | Found a transporter.
  7738 | Gauntlet | Found a transporter.
  7740 | Gauntlet | Noticed a sixfirhy
  7752 | Gauntlet | Found a transporter.
  7853 | Gauntlet | Found a transporter.
  7871 | Gauntlet | Found a transporter.
  7967 | Gauntlet | Noticed a death drake
  7967 | Gauntlet | a jumping spider changed into a death drake
  7983 | Gauntlet | HP: 2/111 [death drake (shapeshifter)/foul vapour (12)]
  7985 | Gauntlet | Slain by a death drake (shapeshifter)

Illustrated notes

Levels and vault maps discovered:
D:1:      scummos_arrival_forest, layout_loops_ring,
          hellmonk_ecumenical_altar_leap_of_faith, serial_forest,
          infiniplex_forest_diagonal, infiniplex_forest_clump_large,
          infiniplex_forest_clump_long, infiniplex_forest_straight_4,
          infiniplex_forest_zigzag_2, infiniplex_forest_clump_long,
          infiniplex_forest_clump_medium, minmay_stone_trees_small
D:2:      layout_rooms, uniq_natasha
D:3:      layout_rooms, marbit_many_paths, uniq_robin, uniq_terence
D:4:      layout_loops_corners, kennysheep_cluttered_room, corexii_checkpoint_a,
          uniq_menkaure, uniq_grinder
D:5:      layout_layer_cave, temple_fountains, gammafunk_ghost_grave,
          uniq_crazy_yiuf_cottage
D:6:      layout_rooms, lemuel_round_altar, minmay_misc_feat_chi, uniq_sigmund,
          uniq_pikel
D:7:      layout_loops_cross, mainiacjoe_overflow_surrounded_room,
          hangedman_abyss_or_decor_stabs
D:8:      layout_loops_ring, nemelex_xobeh_ov_fountains_minmay
D:9:      layout_basic, david_lair_generic, ebering_ghost_funeral_grove
D:10:     layout_irregular_city, orc_0_dummy, nicolae_specific_store,
          chequers_serial_rivers_large_a, unseen_surprise_small, uniq_maurice
D:11:     layout_basic, serial_shops, shop, gauntlet_entry_generic, uniq_amaemon
Gauntlet: gammafunk_gauntlet_branching
          [minmay_gauntlet_arena_make_your_own_arena,
          gammafunk_gauntlet_arena_grid, nicolae_gauntlet_arena_flowing_pool,
          gammafunk_gauntlet_arena_split_x, nicolae_gauntlet_swirl,
          gammafunk_gauntlet_arena_arrow_garden,
          gammafunk_gauntlet_arena_spirals, gammafunk_gauntlet_arena_teeth,
          nicolae_gauntlet_exit_dead_adventurers]

Skill      XL: |  1  2  3  4  5  6  7  8  9 10 11 |
---------------+----------------------------------+-----
Shields        | 3 4 5 6 7 8 |  8.8
Fighting       | 3 4 5 6 7 8 |  8.0
Unarmed Combat | 3 4 5 6 7 8 9 |  9.3
Invocations    | 1 2 3 4 6 7 |  7.7
Dodging        | |  2.4

Action                   |  1- 3 |  4- 6 |  7- 9 | 10-12 || total
-------------------------+-------+-------+-------+-------++-------
Melee: Unarmed           |    67 |   110 |   202 |   328 ||   707
Throw: Dart              |       |       |     1 |       ||     1
Invok: Minor Destruction |       |       |     4 |    68 ||    72
  Use: Potion            |       |       |     1 |     4 ||     5
       Scroll            |       |       |       |    12 ||    12
 Stab: Sleeping          |       |     1 |       |       ||     1
Armor: Robe              |    17 |    35 |    62 |   133 ||   247
Dodge: Dodged            |    12 |    35 |    94 |    86 ||   227
Block: Kite shield       |    16 |    37 |    90 |   134 ||   277

Table legend: (Time is in decaauts)
 A = Elapsed time spent in this place.
 B = Non-inter-level travel time spent in this place.
 C = Inter-level travel time spent in this place.
 D = Time resting spent in this place.
 E = Time spent auto-exploring this place.
 F = Levels seen in this place.
 G = Mean time per level.
                   A        B        C        D        E       F      G
               +--------+--------+--------+--------+--------+-----+--------+
         Total |   8007 |   7603 |    404 |      0 |   5896 |  12 |  667.2 |
       Dungeon |   7606 |   7202 |    404 |      0 |   5606 |  11 |  691.5 |
      Gauntlet |    401 |    401 |      0 |      0 |    290 |   1 |  401.0 |
               +--------+--------+--------+--------+--------+-----+--------+

Top non-repeatable levels by time:
     D:4: 1053 daAuts
    D:10: 1031 daAuts
     D:1: 838 daAuts
     D:7: 820 daAuts
     D:8: 804 daAuts
     D:9: 744 daAuts
     D:5: 717 daAuts
     D:6: 651 daAuts
     D:2: 453 daAuts
     D:3: 432 daAuts
Gauntlet: 401 daAuts
    D:11: 59 daAuts
